 Dungeon Crawl Stone Soup version 0.29-a0-359-g541a27f54d (webtiles) character file.

Game seed: 12377827454694870761

443 Iusername the Chopper (level 6, 0/56 HPs)
             Began as a Minotaur Fighter on Apr 27, 2022.
             Killed from afar by an electric eel (13 damage)
             ... with a bolt of electricity
             ... on level 4 of the Dungeon.
             The game lasted 00:08:53 (3729 turns).

Iusername the Chopper (Minotaur Fighter)            Turns: 3729, Time: 00:08:53

Health: 0/56       AC:  8    Str: 23    XL:     6   Next: 71%
Magic:  5/5        EV:  9    Int:  5    God:
Gold:   190        SH:  4    Dex:  9    Spells: 4/5 levels left

rFire   . . .      SeeInvis .   r - +0 fustibalus (venom)
rCold   . . .      Faith    .   c - +0 buckler
rNeg    . . .      Spirit   .   b - +0 scale mail
rPois   .          Reflect  .   (helmet restricted)
rElec   .          Harm     .   (no cloak)
rCorr   .          Rampage  .   j - +0 pair of gloves
Will    +....                   (no boots)
Stlth   ..........              (no amulet)
HPRegen 0.18/turn               f - ring of willpower
MPRegen 0.09/turn               (no ring)

@: mighty, invisible
A: horns 2, retaliatory headbutt
a: no special abilities


You were on level 4 of the Dungeon.
You visited 1 branch of the dungeon, and saw 4 of its levels.

You collected 190 gold pieces.

Inventory:

Hand Weapons
 a - a +0 war axe
 r - a +0 fustibalus of venom (weapon)
 s - a +0 flail of holy wrath
Missiles
 l - 2 atropa-tipped darts
Armour
 b - a +0 scale mail (worn)
 c - a +0 buckler (worn)
 j - a +0 pair of gloves (worn)
Jewellery
 f - a ring of willpower (left hand)
Wands
 g - a wand of flame (22) (quivered)
Scrolls
 e - 2 scrolls of fog
 h - a scroll of amnesia
 k - a scroll of silence {unknown}
 p - a scroll of fear {unknown}
 q - a scroll of enchant weapon {unknown}
Potions
 d - 2 potions of might
 n - a potion of attraction


   Skills:
 + Level 5.0 Fighting
 + Level 5.6 Axes
 + Level 1.0 Throwing
 + Level 5.0 Armour
 + Level 1.4 Dodging
 + Level 0.2 Stealth
 + Level 4.5 Shields
 + Level 1.1 Evocations


You had 4 spell levels left.
You knew the following spells:

 Your Spells              Type           Power      Damage    Failure   Level
a - Apportation           Tloc           0%         N/A       86%         1

Your spell library contained the following spells:

 Spells                   Type           Power      Damage    Failure   Level
 Animate Skeleton         Necr           0%         N/A       86%         1
 Pain                     Necr           0%         1d4       86%         1
 Ozocubu's Armour         Ice            0%         N/A       99%         3
 Vampiric Draining        Necr           0%         2d6       99%         3
 Alistair's Intoxication  Tmut/Pois      0%         N/A       100%        5
 Ozocubu's Refrigeration  Ice            0%         4d5       100%        7


Dungeon Overview and Level Annotations

Branches:
Dungeon (4/15)
 Temple: D:4-7

Altars:

Annotations:
D:4 1 transporter


Innate Abilities, Weirdness & Mutations

You have a pair of horns on your head.
You reflexively headbutt those who attack you in melee.


Message History

The electric eel is engulfed in a cloud of scalding steam.
You kill the electric eel!
You hear a splash.
The electric eel shoots out a bolt of lightning at you!
The bolt of electricity hits you!
* * * LOW HITPOINT WARNING * * *
Your Evocations skill increases to level 1!
Really attack while wielding your +0 fustibalus of venom? [Y]es or [N]o only, please.
Really attack while wielding your +0 fustibalus of venom? [Y]es or [N]o only, please.
Really attack while wielding your +0 fustibalus of venom? [Y]es or [N]o only, please.
Really attack while wielding your +0 fustibalus of venom? [Y]es or [N]o only, please.
Really attack while wielding your +0 fustibalus of venom?
You closely miss the electric eel.
You clumsily bash the electric eel.
The electric eel is moderately wounded.
A nearby plant withers and dies.
You closely miss the electric eel.
The electric eel is moderately wounded.
The electric eel shoots out a bolt of lightning at you!
The bolt of electricity hits you.
* * * LOW HITPOINT WARNING * * *
You barely miss the electric eel. Your headbutt misses the electric eel.
The electric eel is lightly wounded.
The electric eel shoots out a bolt of lightning at you!
The bolt of electricity hits you.
* * * LOW HITPOINT WARNING * * *
It was a potion of invisibility.
You fade into invisibility!
You closely miss the electric eel.
The electric eel is lightly wounded.
You miss the electric eel. Your headbutt misses the electric eel.
The electric eel is lightly wounded.
It was a potion of curing.
You feel better.
The electric eel shoots out a bolt of lightning at you!
The bolt of electricity hits you!
You die...

#...#.####..# ##.#
........))..## ##..#
.......))....###...####
#####.######.....©....#
#####.# #..#######.#
......# #..#8.©.8#.#
####### #..#P...≈#.#
#..###'###.#
#..#S@..†#.#
#..#≈...≈#.#
#..#≈...≈#.######
#..#≈.♣.≈#......##)
######..#≈...≈#.####.#
. ........#≈...≈#.# #.#
.## #.
#######.#≈...≈#.# #.#
..# #.# #.###+###.# #.#
#.# #.# #.#P.!.P#.# #.#
#.#


You could see an electric eel (can't see you).

Vanquished Creatures
  A scorpion (D:4)
  2 electric eels (D:4)
  An orc priest (D:4)
  A hound (D:4)
  Terence (D:2)
  An iguana (D:4)
  Robin (D:3)
  4 gnolls (D:3)
  4 adders
  4 dart slugs
  9 orcs (D:4)
  6 ball pythons
  5 endoplasms
  6 giant cockroaches
  18 goblins
  6 hobgoblins
  8 jackals
  3 quokkas (D:1)
  6 bats
  6 frilled lizards
  5 kobolds
  4 rats
102 creatures vanquished.

Vanquished Creatures (others)
  A plant (D:4)
1 creature vanquished.

Grand Total: 103 creatures vanquished

Notes
Turn   | Place    | Note
-------+----------+-------------------------------------------
     0 | D:1      | Iusername the Minotaur Fighter began the quest for the Orb.
     0 | D:1      | Reached XP level 1. HP: 19/19 MP: 0/0
    69 | D:1      | Reached XP level 2. HP: 16/27 MP: 1/1
   540 | D:1      | Reached XP level 3. HP: 33/33 MP: 2/2
  1178 | D:2      | Noticed Terence
  1183 | D:2      | Killed Terence
  1184 | D:2      | Reached XP level 4. HP: 17/40 MP: 3/3
  1917 | D:2      | You fall into a shaft and drop 1 floor!
  2323 | D:3      | Noticed Robin
  2356 | D:3      | Killed Robin
  2363 | D:3      | Learned a level 1 spell: Apportation
  2486 | D:3      | Reached XP level 5. HP: 45/47 MP: 4/4
  2525 | D:3      | Reached skill level 1 in Dodging
  2861 | D:3      | Reached skill level 1 in Throwing
  3286 | D:4      | Found a transporter.
  3319 | D:4      | Found a transporter.
  3441 | D:4      | Reached skill level 5 in Axes
  3441 | D:4      | Reached XP level 6. HP: 49/55 MP: 5/5
  3518 | D:4      | Reached skill level 5 in Fighting
  3518 | D:4      | Reached skill level 5 in Armour
  3721 | D:4      | Reached skill level 1 in Evocations
  3729 | D:4      | Killed from afar by an electric eel

Illustrated notes

Levels and vault maps discovered:
D:1:      dpeg_arrival_yet_another_circle, layout_loops_ring,
          minmay_statues_item
D:2:      layout_loops_cross, shapermc_ecumenical_altar_petra, uniq_terence
D:3:      layout_basic, chequers_big_river, uniq_robin
D:4:      gammafunk_steamed_eel, layout_loops_ring, minmay_quantized,
          uniq_grinder

Skill      XL: |  1  2  3  4  5  6 |
---------------+-------------------+-----
Fighting       | 4 5 |  5.0
Armour         | 4 5 |  5.0
Axes           | 3 4 5 |  5.6
Shields        | 4 |  4.5
Dodging        | 1 |  1.4
Throwing       | 1 |  1.0
Evocations     | 1 |  1.1
Stealth        | |  0.2

Action                   |  1- 3 |  4- 6 || total
-------------------------+-------+-------++-------
Melee: War axe           |    77 |   128 ||   205
       Headbutt          |     9 |    23 ||    32
       Fustibalus        |       |     6 ||     6
Throw: Dart              |       |     8 ||     8
Evoke: Wand              |       |     4 ||     4
  Use: Scroll            |       |     5 ||     5
       Potion            |       |     3 ||     3
Armor: Scale mail        |    26 |    64 ||    90
Dodge: Dodged            |    42 |    57 ||    99
Block: Buckler           |    14 |    28 ||    42

Table legend: (Time is in decaauts)
 A = Elapsed time spent in this place.
 B = Non-inter-level travel time spent in this place.
 C = Inter-level travel time spent in this place.
 D = Time resting spent in this place.
 E = Time spent auto-exploring this place.
 F = Levels seen in this place.
 G = Mean time per level.
                   A        B        C        D        E       F      G
               +--------+--------+--------+--------+--------+-----+--------+
         Total |   3834 |   3736 |     98 |    272 |   2648 |   4 |  958.5 |
       Dungeon |   3834 |   3736 |     98 |    272 |   2648 |   4 |  958.5 |
               +--------+--------+--------+--------+--------+-----+--------+

Top non-repeatable levels by time:
     D:3: 1295 daAuts
     D:2: 1024 daAuts
     D:1: 927 daAuts
     D:4: 586 daAuts
